[Event "Titled Tuesday Blitz March 28 Early 2023"]
[White "Dobre, Claudiu-Cristian"]
[Black "Ciuffoletti, Paolo"]
[WhiteFideId "1211854"]
[BlackFideId "807630"]
[WhiteElo "2207"]
[BlackElo "2143"]
[Result "1-0"]
[Round "03"]
[TimeControl "180+2"]
[Date "2023.03.28"]
[WhiteClock "0:00:16"]
[BlackClock "0:00:04"]

1. e4 c5 2. b3 d6 3. Bb5+ Nd7 4. Bb2 Nf6 5. Nc3 a6 6. Bxd7+ Bxd7 7. f4 e6 8. Nf3 Bc6 9. d3 Be7 10. O-O O-O 11. Kh1 Nd7 12. d4 d5 13. exd5 exd5 14. dxc5 Nxc5 15. Nd4 Bf6 16. Ba3 Qa5 17. Nxc6 Qxa3 18. Nxd5 Bxa1 19. Nce7+ Kh8 20. Qxa1 Ne4 21. Nf5 f6 22. Qd4 Rae8 23. Nc7 1-0


[Site "https://www.chess.com"]

[Event "Titled Tuesday Blitz March 28 Early 2023"]
[White "Rose, Felix"]
[Black "Cori T., Deysi"]
[WhiteFideId "5105722"]
[BlackFideId "3801934"]
[WhiteElo "2039"]
[BlackElo "2292"]
[Result "0-1"]
[Round "03"]
[TimeControl "180+2"]
[Date "2023.03.28"]
[WhiteClock "0:00:01"]
[BlackClock "0:00:15"]

1. d4 e6 2. Bf4 c5 3. e3 Qb6 4. Nd2 d5 5. dxc5 Bxc5 6. Nb3 Bd6 7. Qg4 Kf8 8. Qg3 Bxf4 9. Qxf4 Ne7 10. h4 a5 11. a4 Nbc6 12. Bb5 e5 13. Qg5 f6 14. Qh5 Bf5 15. Qe2 Nb4 16. Rc1 h5 17. Nf3 Bg4 18. e4 dxe4 19. Qxe4 Bf5 20. Qe2 Rc8 21. c3 Nbd5 22. O-O Nf4 23. Qe3 Qc7 24. Rfd1 Bg4 25. g3 Nfd5 26. Qe4 Bf5 27. Qe2 b6 28. Bd3 Bg4 29. Be4 Rd8 30. Qb5 Qd7 0-1


[Site "https://www.chess.com"]

[Event "Titled Tuesday Blitz March 28 Early 2023"]
[White "lemayvega"]
[Black "Kuchava, Ana"]
[BlackFideId "13605348"]
[WhiteElo "2538"]
[BlackElo "2001"]
[Result "1-0"]
[Round "03"]
[TimeControl "180+2"]
[Date "2023.03.28"]
[WhiteClock "0:00:08"]
[BlackClock "0:00:06"]

1. e4 c5 2. Nf3 d6 3. d4 cxd4 4. Nxd4 Nf6 5. Nc3 Nc6 6. Bg5 e6 7. Qd2 Qb6 8. O-O-O Qxd4 9. Qxd4 Nxd4 10. Rxd4 a6 11. f3 Be7 12. Be2 h6 13. Be3 Bd7 14. Rhd1 Bc6 15. a4 O-O 16. a5 Rfd8 17. R4d2 Nd7 18. Bc4 Rac8 19. Bb3 Nc5 20. Bc4 Kf8 21. Kb1 Ke8 22. b4 Nd7 23. Bb3 Ne5 24. Na4 Bxa4 25. Bxa4+ Nc6 26. c3 Bf6 27. Kb2 Ke7 28. Bxc6 Rxc6 29. Bd4 Bxd4 30. Rxd4 Rdc8 31. R1d3 b6 32. axb6 Rxb6 33. Kb3 Rd8 34. Ka4 Rc6 35. f4 Rdc8 36. Kb3 Rb8 37. Ka4 Rb7 38. g4 Rbc7 39. Kb3 f6 40. h4 Rb7 41. Ka4 Rbc7 42. Kb3 Rb7 43. Rc4 Rcb6 44. Ka4 Rd7 45. Rc8 Ra7 46. c4 Kd7 47. Rg8 Kc6 48. Rxd6+ Kxd6 49. c5+ Kc6 50. cxb6 Kxb6 51. Re8 e5 52. Re6+ Kb7 53. fxe5 fxe5 54. Rxe5 Ra8 55. Re7+ Kc6 56. Rxg7 Re8 57. Rg6+ Kb7 58. Rxh6 Rxe4 59. g5 Rg4 60. Rh7+ Kb6 61. Rh6+ Kb7 62. g6 Kc7 63. h5 Kd6 64. Rh7 Rg5 65. g7 Ke6 66. h6 Kf7 67. Rh8 1-0


[Site "https://www.chess.com"]

[Event "Titled Tuesday Blitz March 28 Early 2023"]
[White "Barria Santos, Jose Guilherme"]
[Black "Belov, Alexei"]
[WhiteFideId "1939300"]
[BlackFideId "4128206"]
[WhiteElo "2301"]
[BlackElo "2537"]
[Result "0-1"]
[Round "03"]
[TimeControl "180+2"]
[Date "2023.03.28"]
[WhiteClock "0:00:08"]
[BlackClock "0:01:18"]

1. e4 e6 2. d4 d5 3. Nc3 Nf6 4. e5 Ne4 5. Bd3 Nxc3 6. bxc3 c5 7. Nf3 Nc6 8. O-O Qc7 9. a4 cxd4 10. cxd4 Bd7 11. Ba3 Bxa3 12. Rxa3 h6 13. Qd2 Na5 14. Qb4 Rc8 15. Nd2 b6 16. f4 Qd8 17. f5 exf5 18. Bxf5 Bxf5 19. Rxf5 Qe7 20. Qb5+ Qd7 21. Qxd7+ Kxd7 22. Rxf7+ Ke6 23. Raf3 Rxc2 24. Nf1 Nc6 25. Rxg7 Nxd4 26. Rff7 Re8 27. Ne3 Rc1+ 28. Kf2 Kxe5 29. Re7+ Rxe7 30. Rxe7+ Kd6 31. Rxa7 Ra1 32. Rh7 Ra2+ 33. Kg3 Ra3 34. Rxh6+ Kc5 35. Kf4 Rxe3 36. Rxb6 Re4+ 0-1


[Site "https://www.chess.com"]

[Event "Titled Tuesday Blitz March 28 Early 2023"]
[White "Bongo Akanga Ndjila, Barthelemy"]
[Black "Toropov, Pavel"]
[WhiteFideId "10609431"]
[BlackFideId "24129178"]
[WhiteElo "1768"]
[BlackElo "2182"]
[Result "0-1"]
[Round "03"]
[TimeControl "180+2"]
[Date "2023.03.28"]
[WhiteClock "0:00:42"]
[BlackClock "0:00:31"]

1. d4 d5 2. c4 c6 3. Nc3 Nf6 4. Nf3 dxc4 5. e4 b5 6. Be2 e6 7. O-O Bb7 8. b3 cxb3 9. axb3 b4 10. Na4 Nxe4 11. Bb2 Nd7 12. Bd3 Nef6 13. Re1 Bd6 14. Ne5 O-O 15. Qf3 Rc8 16. Qh3 h6 17. Rad1 Qc7 18. g4 c5 19. f4 cxd4 20. g5 Bxe5 21. fxe5 Nh7 22. g6 fxg6 23. Qxe6+ Kh8 24. Qxg6 Ng5 25. h4 Nxe5 26. Rxe5 Qxe5 27. hxg5 Qg3# 0-1


[Site "https://www.chess.com"]

[Event "Titled Tuesday Blitz March 28 Early 2023"]
[White "Winkels, Marcel"]
[Black "Koellner, Ruben Gideon"]
[WhiteFideId "1003887"]
[BlackFideId "12993093"]
[WhiteElo "1900"]
[BlackElo "2303"]
[Result "0-1"]
[Round "03"]
[TimeControl "180+2"]
[Date "2023.03.28"]
[WhiteClock "0:00:02"]
[BlackClock "0:00:23"]

1. d4 d6 2. e4 Nf6 3. Nc3 e5 4. Nf3 Nbd7 5. Bc4 Be7 6. a4 c6 7. a5 h6 8. O-O Qc7 9. h3 Nf8 10. Be3 g5 11. Nh2 Ng6 12. f3 Nf4 13. Ng4 h5 14. Nxf6+ Bxf6 15. Kh2 h4 16. Bxf4 gxf4 17. d5 Rg8 18. Qd2 Rg3 19. Rh1 Bd7 20. Ne2 Ke7 21. Nxg3 hxg3+ 22. Kg1 cxd5 23. Bxd5 Qc5+ 24. Kf1 Bb5+ 25. Ke1 Bh4 26. c4 Bxc4 27. Rc1 Qf2+ 28. Kd1 Bxd5 29. Qxf2 gxf2 30. exd5 Rg8 31. Rc7+ Kd8 32. Rxb7 Rxg2 33. Rf1 e4 34. Ke2 exf3+ 35. Kxf3 Rg1 36. Ke2 f3+ 0-1


[Site "https://www.chess.com"]

[Event "Titled Tuesday Blitz March 28 Early 2023"]
[White "Zaragatski, Ilja"]
[Black "Delorme, Alban"]
[WhiteFideId "4655192"]
[BlackFideId "623636"]
[WhiteElo "2460"]
[BlackElo "2196"]
[Result "0-1"]
[Round "03"]
[TimeControl "180+2"]
[Date "2023.03.28"]
[WhiteClock "0:00:11"]
[BlackClock "0:00:13"]

1. e4 c5 2. Nf3 d6 3. d4 cxd4 4. Nxd4 Nf6 5. Nc3 a6 6. f3 e5 7. Nb3 Be7 8. Be3 Be6 9. Qd2 Nbd7 10. O-O-O O-O 11. g4 b5 12. Nd5 Bxd5 13. exd5 Nb6 14. Na5 Nfxd5 15. Nc6 Qd7 16. Nxe7+ Qxe7 17. Bxb6 Nxb6 18. Qxd6 Qg5+ 19. Qd2 Qf6 20. g5 Qxf3 21. Bg2 Qf5 22. Rhf1 Qe6 23. Bxa8 Qxa2 24. Qc3 Nc4 25. b3 Qa3+ 26. Kb1 Rxa8 27. Rd7 Rf8 28. h4 a5 29. h5 a4 30. g6 axb3 31. gxf7+ Kh8 32. Qxb3 Qa5 33. Rfd1 Ra8 0-1


[Site "https://www.chess.com"]

[Event "Titled Tuesday Blitz March 28 Early 2023"]
[White "Benevides Demasi, Joao Otavio"]
[Black "Defend1r"]
[WhiteFideId "30916224"]
[WhiteElo "2116"]
[BlackElo "2529"]
[Result "0-1"]
[Round "03"]
[TimeControl "180+2"]
[Date "2023.03.28"]
[WhiteClock "0:00:16"]
[BlackClock "0:00:46"]

1. Nf3 Nf6 2. d3 b6 3. g3 Bb7 4. Bg2 d5 5. O-O c5 6. c4 d4 7. Na3 Nc6 8. Re1 e6 9. Nc2 Be7 10. a3 a5 11. b3 O-O 12. Rb1 Qd7 13. Bd2 Rfd8 14. b4 axb4 15. axb4 Ra2 16. bxc5 Bxc5 17. Nb4 Nxb4 18. Bxb4 Rda8 19. Bxc5 bxc5 20. Rxb7 Qxb7 21. Ne5 Qc7 22. Bxa8 Rxa8 23. f4 g6 24. Qb3 Kg7 25. Rb1 Nd7 26. Qb7 Qxb7 27. Rxb7 Nxe5 28. fxe5 Rc8 29. Kf2 g5 30. Kf3 h5 31. e3 dxe3 32. Kxe3 Kg6 33. d4 cxd4+ 34. Kxd4 Rd8+ 35. Ke4 h4 36. c5 Rd2 37. c6 Rxh2 38. gxh4 gxh4 39. c7 Rc2 40. Kd3 Rc6 41. Rb4 Rxc7 42. Rxh4 Kf5 43. Rh5+ Kf4 44. Kd4 Rd7+ 45. Kc4 Ke4 46. Kc3 Rd3+ 47. Kc2 Rf3 48. Kd2 Rf5 49. Rh4+ Kxe5 50. Ke3 Rg5 51. Re4+ Kf6 52. Rf4+ Rf5 53. Rg4 Rf1 54. Ke4 e5 55. Rh4 Re1+ 56. Kf3 Ke6 57. Rh6+ f6 58. Rh5 Ra1 59. Ke4 Ra3 60. Rh6 Rg3 61. Rh5 f5+ 62. Rxf5 Rg4+ 0-1


[Site "https://www.chess.com"]

[Event "Titled Tuesday Blitz March 28 Early 2023"]
[White "Rangel, Daniel"]
[Black "Acikel, Mert"]
[WhiteFideId "2124475"]
[BlackFideId "12956465"]
[WhiteElo "2256"]
[BlackElo "2097"]
[Result "1-0"]
[Round "03"]
[TimeControl "180+2"]
[Date "2023.03.28"]
[WhiteClock "0:01:36"]
[BlackClock "0:01:54"]

1. e4 e5 2. Nf3 Nc6 3. Bc4 Bc5 4. d3 Nf6 5. O-O O-O 6. c3 d5 7. exd5 Nxd5 8. Re1 Bg4 9. h3 Bh5 10. g4 Bg6 11. Nxe5 Nxe5 12. Rxe5 c6 13. d4 Bd6 14. Re1 Kh8 15. Bxd5 cxd5 16. Nd2 f5 17. Nf1 fxg4 18. Qxg4 Qf6 19. Be3 Bf5 20. Qg5 Qf7 21. Bf4 Bxh3 22. Bxd6 Qxf2+ 23. Kh1 1-0


[Site "https://www.chess.com"]

[Event "Titled Tuesday Blitz March 28 Early 2023"]
[White "lolliNOPE"]
[Black "Sanchez Alvares, Kelvin Antonio"]
[BlackFideId "3906680"]
[WhiteElo "2061"]
[BlackElo "2217"]
[Result "1-0"]
[Round "03"]
[TimeControl "180+2"]
[Date "2023.03.28"]
[WhiteClock "0:00:34"]
[BlackClock "0:00:02"]

1. e4 e5 2. Nc3 Nc6 3. f4 exf4 4. Nf3 g5 5. h4 g4 6. Ng5 h6 7. Nxf7 Kxf7 8. d4 d6 9. Bxf4 Nf6 10. Bc4+ Kg7 11. Qd2 Nh5 12. O-O-O Be7 13. Rdf1 Nxf4 14. Rxf4 Rf8 15. Rhf1 Rxf4 16. Rxf4 Bxh4 17. Rf7+ Kg6 18. Qd3 Nb4 19. Qf1 d5 20. Nxd5 Qg5+ 21. Kb1 Be6 22. Ne7+ Kh5 23. Rf5 Bxf5 24. Bf7+ Bg6 25. Bxg6+ Qxg6 26. Nxg6 Kxg6 27. Qf5+ Kg7 28. Qd7+ Kg8 29. Qxg4+ Bg5 30. Qe6+ Kg7 31. c3 Nc6 32. Qd7+ Ne7 33. Qxc7 Rf8 34. Qxb7 Rf1+ 35. Kc2 Rf2+ 36. Kb3 Rxg2 37. d5 Rd2 38. c4 Kf6 39. Qa6+ 1-0


[Site "https://www.chess.com"]

[Event "Titled Tuesday Blitz March 28 Early 2023"]
[White "Van Osch, Mees"]
[Black "Janaszak, Dawid"]
[WhiteFideId "1035967"]
[BlackFideId "1119206"]
[WhiteElo "2324"]
[BlackElo "2220"]
[Result "0-1"]
[Round "03"]
[TimeControl "180+2"]
[Date "2023.03.28"]
[WhiteClock "0:00:08"]
[BlackClock "0:00:12"]

1. e4 c5 2. Nf3 Nc6 3. d4 cxd4 4. Nxd4 e5 5. Nb5 d6 6. N1c3 a6 7. Na3 b5 8. Nd5 Nge7 9. Bg5 h6 10. Bxb5 axb5 11. Nxb5 Ra7 12. Nxa7 hxg5 13. Nxc8 Qxc8 14. O-O Nxd5 15. Qxd5 Nd4 16. c3 Ne2+ 17. Kh1 Qg4 18. Qd3 Rh6 19. Rfe1 Qxg2+ 20. Kxg2 Nf4+ 21. Kg1 Nxd3 22. Re3 Nxb2 23. a4 Nc4 24. Ree1 d5 25. exd5 Bc5 26. a5 Rf6 27. Re2 Ra6 28. Ra4 Nd6 29. Rxe5+ Kd7 30. Rxg5 g6 31. Rg3 Ra7 32. Rf3 f5 33. Rh3 Ke7 34. Rh7+ Nf7 35. a6 Kf6 36. Rh3 Ng5 37. Rd3 Ne4 38. c4 Nxf2 39. Rb3 Ne4+ 40. Kf1 Nd2+ 41. Ke2 Nxb3 42. Ra5 Nxa5 43. Kd3 Rxa6 44. Kc3 Bd6 0-1


[Site "https://www.chess.com"]

[Event "Titled Tuesday Blitz March 28 Early 2023"]
[White "drdaro"]
[Black "Oganisian, Roman"]
[BlackFideId "4153006"]
[WhiteElo "2392"]
[BlackElo "2204"]
[Result "1-0"]
[Round "03"]
[TimeControl "180+2"]
[Date "2023.03.28"]
[WhiteClock "0:00:39"]
[BlackClock "0:00:01"]

1. Nc3 e6 2. g3 f5 3. Bg2 Nf6 4. e4 fxe4 5. Nxe4 d5 6. Nxf6+ Qxf6 7. d4 c5 8. Nf3 Nc6 9. Bg5 Qg6 10. c3 cxd4 11. cxd4 Bb4+ 12. Bd2 Qe4+ 13. Qe2 O-O 14. Rd1 e5 15. Qxe4 dxe4 16. Nxe5 Nxd4 17. Bxb4 Nc2+ 18. Ke2 Nxb4 19. Bxe4 Be6 20. a3 Nc6 21. Nxc6 bxc6 22. Rd6 Rae8 23. f3 Bd5 24. Ke3 Rxf3+ 25. Kxf3 Bxe4+ 26. Kf2 Bxh1 27. Rd7 a5 28. Ra7 Bd5 29. Rxa5 Rf8+ 30. Ke2 Re8+ 31. Kf2 Rb8 32. b4 Rf8+ 33. Ke2 1-0


[Site "https://www.chess.com"]

[Event "Titled Tuesday Blitz March 28 Early 2023"]
[White "Titichoca Daza, Daniel"]
[Black "Escanor89"]
[WhiteFideId "3309550"]
[WhiteElo "2095"]
[BlackElo "2531"]
[Result "0-1"]
[Round "03"]
[TimeControl "180+2"]
[Date "2023.03.28"]
[WhiteClock "0:00:01"]
[BlackClock "0:00:06"]

1. e4 c5 2. Nc3 Nc6 3. Nf3 e6 4. d4 cxd4 5. Nxd4 Nf6 6. Nxc6 bxc6 7. e5 Nd5 8. Ne4 Qc7 9. f4 Qb6 10. c4 Bb4+ 11. Ke2 Ba6 12. Kf3 f5 13. exf6 Nxf6 14. c5 Qa5 15. Nd6+ Ke7 16. Bxa6 Qxa6 17. Be3 Nd5 18. Qd4 Rhg8 19. g4 Raf8 20. Kg3 Qe2 21. Bc1 Be1+ 22. Rxe1 Qxe1+ 23. Qf2 Qb4 24. f5 g6 25. Bd2 Qa4 26. b3 Qa6 27. Bg5+ Nf6 28. fxe6 Qd3+ 29. Qf3 Qxf3+ 30. Kxf3 dxe6 31. Ne4 h6 32. Bxf6+ Rxf6+ 33. Nxf6 Rf8 34. Ke3 Rxf6 35. Rh1 h5 36. gxh5 gxh5 37. Rg1 Rf5 38. Rg7+ Kf6 39. Rxa7 Rxc5 40. Kf3 Rc3+ 41. Kf2 Rc2+ 42. Kg3 c5 43. a4 Rc3+ 0-1


[Site "https://www.chess.com"]

[Event "Titled Tuesday Blitz March 28 Early 2023"]
[White "Reprintsev, Alexander"]
[Black "Skaric, Djuro"]
[WhiteFideId "14100541"]
[BlackFideId "934569"]
[WhiteElo "2229"]
[BlackElo "2282"]
[Result "0-1"]
[Round "03"]
[TimeControl "180+2"]
[Date "2023.03.28"]
[WhiteClock "0:01:26"]
[BlackClock "0:02:19"]

1. e4 d6 2. d4 g6 3. Nc3 Bg7 4. h4 Nf6 5. h5 Nxh5 6. Be2 Nf6 7. g4 Nc6 8. g5 Nh5 9. Bxh5 gxh5 10. d5 Ne5 11. f4 Bg4 12. Nce2 Nf3+ 13. Kf2 Nxg1 14. Rxg1 h6 15. Qd3 e5 16. dxe6 fxe6 17. Ng3 O-O 18. Kg2 hxg5 19. fxg5 h4 20. Ne2 Rf3 21. Qc4 Be5 22. Bd2 Qd7 23. Raf1 Raf8 24. Rxf3 Bxf3+ 25. Kh3 d5 26. Qd3 Bxe4 0-1


[Site "https://www.chess.com"]

[Event "Titled Tuesday Blitz March 28 Early 2023"]
[White "Golubev, Mikhail"]
[Black "Zampronha, Wladimir Camilo"]
[WhiteFideId "14100983"]
[BlackFideId "2103087"]
[WhiteElo "2374"]
[BlackElo "2176"]
[Result "1-0"]
[Round "03"]
[TimeControl "180+2"]
[Date "2023.03.28"]
[WhiteClock "0:00:27"]
[BlackClock "0:00:19"]

1. e4 c5 2. Nf3 e6 3. d4 cxd4 4. Nxd4 Nc6 5. Nc3 Qc7 6. Be3 a6 7. Bd3 Nf6 8. O-O Ne5 9. Be2 Bb4 10. f4 Bxc3 11. fxe5 Bxd4 12. Qxd4 Ng8 13. Bg5 b6 14. Qf2 Qc5 15. Be3 Qe7 16. Bxb6 Nh6 17. Bc5 Qg5 18. Qd4 Bb7 19. Bd3 Ng4 20. Be2 Rc8 21. Rxf7 Kxf7 22. Qxd7+ Kg6 23. Qxe6+ Nf6 24. h4 Qg3 25. exf6 Rxc5 26. f7# 1-0


[Site "https://www.chess.com"]

[Event "Titled Tuesday Blitz March 28 Early 2023"]
[White "Mortazavi, Ali"]
[Black "Garrido, Denis"]
[WhiteFideId "401323"]
[BlackFideId "601217"]
[WhiteElo "2339"]
[BlackElo "2287"]
[Result "1-0"]
[Round "03"]
[TimeControl "180+2"]
[Date "2023.03.28"]
[WhiteClock "0:00:30"]
[BlackClock "0:00:36"]

1. e4 e5 2. Bc4 Nf6 3. d3 c6 4. Nf3 d5 5. Bb3 Bb4+ 6. Bd2 Bxd2+ 7. Nbxd2 O-O 8. h3 a5 9. a3 Nbd7 10. O-O Re8 11. exd5 cxd5 12. Re1 Qc7 13. Ba2 Nf8 14. Rc1 Ng6 15. c4 d4 16. c5 Bf5 17. Ng5 Re7 18. Nc4 h6 19. Nxf7 Rxf7 20. Nd6 Qd7 21. Bxf7+ Kh7 22. Ba2 Nf4 23. Rxe5 Bxh3 24. Qf3 Nxg2 25. Nf5 Bg4 26. Qxg2 Bxf5 27. Rce1 Bg6 28. Re7 Qb5 29. Rxb7 Qxd3 30. Bb1 Qxb1 31. Rxb1 Bxb1 32. Qxg7# 1-0


[Site "https://www.chess.com"]

[Event "Titled Tuesday Blitz March 28 Early 2023"]
[White "Vivas Zamora, Fabian Ernesto"]
[Black "Thiel, Thomas"]
[WhiteFideId "3902480"]
[BlackFideId "4615964"]
[WhiteElo "2262"]
[BlackElo "2207"]
[Result "0-1"]
[Round "03"]
[TimeControl "180+2"]
[Date "2023.03.28"]
[WhiteClock "0:00:01"]
[BlackClock "0:00:09"]

1. e4 d5 2. exd5 Nf6 3. d4 Nxd5 4. c4 Nb6 5. Nc3 e5 6. dxe5 Qxd1+ 7. Nxd1 Nc6 8. Bf4 Be6 9. Rc1 Bb4+ 10. Bd2 Bxd2+ 11. Kxd2 O-O-O+ 12. Kc3 Nxe5 13. b3 Nbd7 14. f4 Ng6 15. g3 Nc5 16. Bg2 Rd3+ 17. Kb4 b6 18. Nf3 a5+ 19. Ka3 Rhd8 20. Nf2 Rd2 21. Nxd2 Rxd2 22. Rhf1 Na6 23. Be4 Nb4 24. Ra1 f5 25. Bb1 Nf8 26. h3 Nd7 27. g4 Nc5 28. gxf5 Bd7 29. Ne4 Nxe4 30. Bxe4 Re2 31. Rfe1 Rh2 32. Rg1 Bc6 33. Bxc6 Nxc6 34. Ka4 Kb7 0-1


[Site "https://www.chess.com"]

[Event "Titled Tuesday Blitz March 28 Early 2023"]
[White "Lauridsen, Jesper Morch"]
[Black "Savitha Shri B"]
[WhiteFideId "1401890"]
[BlackFideId "35061887"]
[WhiteElo "2254"]
[BlackElo "2191"]
[Result "0-1"]
[Round "03"]
[TimeControl "180+2"]
[Date "2023.03.28"]
[WhiteClock "0:00:06"]
[BlackClock "0:00:44"]

1. e4 e5 2. Nf3 Nc6 3. Bb5 a6 4. Bxc6 dxc6 5. O-O Bd6 6. d4 exd4 7. Qxd4 f6 8. Rd1 Bg4 9. Be3 c5 10. Qc4 Bxf3 11. gxf3 Bxh2+ 12. Kxh2 Qxd1 13. Qe6+ Ne7 14. Nd2 Qxc2 15. Rg1 Rg8 16. Rf1 Qxb2 17. Nc4 Qb5 18. Rd1 Rd8 19. a4 Qc6 20. Rxd8+ Kxd8 21. Qf7 Qe8 22. Qe6 Qd7 23. Qf7 Re8 24. Bxc5 Nc6 25. Qh5 g6 26. Qh4 Qe6 27. Ne3 Qe5+ 28. Kg2 Qxc5 29. Qxf6+ Qe7 30. Qb2 Qg5+ 31. Kf1 Kc8 32. Nd5 Qe5 33. Qc2 h5 34. a5 h4 35. Qc4 h3 36. Kg1 Qg5+ 37. Kh1 Qg2# 0-1


[Site "https://www.chess.com"]

[Event "Titled Tuesday Blitz March 28 Early 2023"]
[White "Gatterer, Florian"]
[Black "Torres Dominguez, David"]
[WhiteFideId "811688"]
[BlackFideId "2220857"]
[WhiteElo "2221"]
[BlackElo "1999"]
[Result "1/2-1/2"]
[Round "03"]
[TimeControl "180+2"]
[Date "2023.03.28"]
[WhiteClock "0:00:48"]
[BlackClock "0:00:23"]

1. c4 e5 2. Nc3 Nc6 3. Nf3 f5 4. d4 e4 5. Ng5 Bb4 6. g3 Bxc3+ 7. bxc3 Nf6 8. Bg2 d6 9. h4 O-O 10. a4 a5 11. Ba3 b6 12. e3 Ba6 13. Ne6 Qe7 14. Nxf8 Qxf8 15. Bf1 Re8 16. Be2 Qf7 17. c5 Bxe2 18. Qxe2 dxc5 19. Qb5 Na7 20. Qe2 cxd4 21. cxd4 Nd5 22. Rc1 Qd7 23. Qc4 h6 24. O-O Re6 25. Qa6 Nc6 26. Qb5 Rg6 27. Rxc6 Qxc6 28. Qb3 Qd7 1/2-1/2


[Site "https://www.chess.com"]

[Event "Titled Tuesday Blitz March 28 Early 2023"]
[White "Begunov, Konstantin"]
[Black "Kiseleva, Arina"]
[WhiteFideId "4118510"]
[BlackFideId "4164989"]
[WhiteElo "2079"]
[BlackElo "1756"]
[Result "1-0"]
[Round "03"]
[TimeControl "180+2"]
[Date "2023.03.28"]
[WhiteClock "0:00:08"]
[BlackClock "0:00:03"]

1. d4 Nf6 2. c4 e6 3. Nf3 Bb4+ 4. Nbd2 d6 5. a3 Bxd2+ 6. Bxd2 O-O 7. Bg5 h6 8. Bh4 Nbd7 9. e3 e5 10. Qc2 exd4 11. Nxd4 Ne5 12. Be2 Ng6 13. Bg3 Bg4 14. Bxg4 Nxg4 15. Qe4 Nf6 16. Qxb7 Rb8 17. Qxa7 Rxb2 18. Nb5 c6 19. Nxd6 Nh5 20. c5 Nxg3 21. hxg3 Qg5 22. O-O Qh5 23. Rab1 Rc2 24. Rb8 Rxb8 25. Qxb8+ Kh7 26. Nxf7 Nh4 27. Qh8+ Kg6 28. gxh4 Kxf7 29. g3 Qxc5 30. Qh7 Ra2 31. Rd1 Qc2 32. Qxc2 Rxc2 33. Ra1 c5 34. a4 Ke6 35. a5 Rb2 36. a6 Rb8 37. a7 Ra8 38. Kf1 Kd6 39. Ke2 Kc6 40. Kd3 Kb6 41. Kc4 Kc6 42. e4 Kd6 43. f4 g6 44. e5+ Ke6 45. Ra6+ Kf5 46. Kxc5 Kg4 47. e6 Kxg3 48. e7 Kxf4 49. Kc6 g5 50. hxg5 hxg5 51. Kb7 Re8 52. a8=Q Rxa8 53. Rxa8 1-0


[Site "https://www.chess.com"]

[Event "Titled Tuesday Blitz March 28 Early 2023"]
[White "EdmundPlayer"]
[Black "Saya, Ethan"]
[BlackFideId "26095181"]
[WhiteElo "2201"]
[BlackElo "2150"]
[Result "0-1"]
[Round "03"]
[TimeControl "180+2"]
[Date "2023.03.28"]
[WhiteClock "0:00:01"]
[BlackClock "0:00:09"]

1. e4 e6 2. d4 d5 3. Nc3 Nf6 4. Bg5 dxe4 5. Nxe4 Be7 6. Bxf6 gxf6 7. Nf3 f5 8. Ng3 c5 9. Bb5+ Bd7 10. Bxd7+ Qxd7 11. dxc5 Bxc5 12. O-O Qxd1 13. Raxd1 Nc6 14. Nh5 Ke7 15. Rd2 Rhd8 16. Rfd1 Rxd2 17. Rxd2 a5 18. c4 a4 19. a3 Na5 20. Rc2 Rd8 21. Kf1 f6 22. Ke2 e5 23. Ng3 Ke6 24. Nh4 f4 25. Ne4 Be7 26. g4 fxg3 27. hxg3 Rd4 28. Nd2 f5 29. Nhf3 Rd8 30. Nb1 e4 31. Nfd2 Bf6 32. Nc3 Bxc3 33. Rxc3 Ke5 34. Nf1 Nb3 35. Ne3 Rd2+ 36. Kf1 Rxb2 37. Nd5 Nd2+ 38. Kg2 Nf3 39. Re3 Rb1 40. Nc3 Rg1+ 41. Kh3 Ng5+ 42. Kh2 Ra1 43. f4+ Kf6 44. fxg5+ Kxg5 45. Nd5 Kg4 0-1


[Site "https://www.chess.com"]

[Event "Titled Tuesday Blitz March 28 Early 2023"]
[White "Baruch, Liam"]
[Black "Valgmae, Toomas"]
[WhiteFideId "14322064"]
[BlackFideId "4502523"]
[WhiteElo "2154"]
[BlackElo "2170"]
[Result "0-1"]
[Round "03"]
[TimeControl "180+2"]
[Date "2023.03.28"]
[WhiteClock "0:00:13"]
[BlackClock "0:01:02"]

1. e4 d6 2. d4 Nf6 3. Nc3 g6 4. f3 c6 5. Be3 b5 6. Qd2 Nbd7 7. Nge2 Nb6 8. Nf4 Rb8 9. Bd3 Nc4 10. Bxc4 bxc4 11. b3 Bg7 12. O-O O-O 13. Rad1 Ba6 14. Rfe1 Re8 15. e5 Nd7 16. e6 Nf6 17. exf7+ Kxf7 18. Bf2 Bc8 19. d5 cxd5 20. Bxa7 Ra8 21. Bd4 e5 22. Nfxd5 exd4 23. Qxd4 Be6 24. bxc4 Nxd5 25. Qd3 Nxc3 26. Rd2 Qc7 27. f4 Qxc4 28. Qxd6 Rad8 0-1


[Site "https://www.chess.com"]

[Event "Titled Tuesday Blitz March 28 Early 2023"]
[White "Corredor Castellanos, Camilo"]
[Black "Corrales Jimenez, Fidel"]
[WhiteFideId "4425871"]
[BlackFideId "3506690"]
[WhiteElo "1994"]
[BlackElo "2541"]
[Result "0-1"]
[Round "03"]
[TimeControl "180+2"]
[Date "2023.03.28"]
[WhiteClock "0:00:12"]
[BlackClock "0:01:01"]

1. e4 g6 2. d4 d5 3. Nc3 dxe4 4. Nxe4 Bg7 5. c3 e5 6. dxe5 Qxd1+ 7. Kxd1 Bxe5 8. Bb5+ Bd7 9. Bxd7+ Nxd7 10. Nf3 O-O-O 11. Kc2 Bg7 12. Be3 h6 13. a4 b6 14. a5 f5 15. Ned2 Ne7 16. Nd4 Nc5 17. axb6 axb6 18. Rhe1 Kb7 19. b4 Ne4 20. Nxe4 fxe4 21. Ne6 Nf5 22. Nxd8+ Rxd8 23. Rad1 Ra8 24. Kb3 Be5 25. g4 Nh4 26. Bxh6 Rh8 27. Rxe4 Bxc3 28. Bf4 Bf6 29. Rd7 Rc8 30. g5 Bd8 31. Re8 Ng2 32. Bg3 Bxg5 33. Rxc8 Kxc8 34. Rxc7+ Kd8 35. Rc6 Ne1 36. Rxg6 Nf3 37. Rxb6 Kd7 38. Rb7+ Kc6 39. Rg7 Kd5 40. Rf7 Nd4+ 41. Ka4 Ne6 42. Rf5+ Kc4 43. h4 Bd2 44. Rb5 Nd4 45. Rb7 Ne2 46. h5 Nc3+ 47. Ka3 Nd5 48. Bd6 Kd3 49. b5 Kc4 50. Ka4 Nc3+ 51. Ka3 Bc1# 0-1


[Site "https://www.chess.com"]

[Event "Titled Tuesday Blitz March 28 Early 2023"]
[White "Krzywda, Andrzej"]
[Black "Bondau"]
[WhiteFideId "1114565"]
[WhiteElo "2155"]
[BlackElo "2757"]
[Result "0-1"]
[Round "03"]
[TimeControl "180+2"]
[Date "2023.03.28"]
[WhiteClock "0:00:01"]
[BlackClock "0:00:47"]

1. e4 c5 2. Nf3 d6 3. d4 cxd4 4. Nxd4 Nf6 5. Nc3 g6 6. Be3 Bg7 7. f3 O-O 8. Qd2 Nc6 9. O-O-O d5 10. exd5 Nxd5 11. Nxc6 bxc6 12. Bd4 Bxd4 13. Qxd4 Qb6 14. Nxd5 cxd5 15. Qxb6 axb6 16. a3 Bb7 17. f4 Rfd8 18. Bd3 d4 19. Rhg1 Rd6 20. Rdf1 e6 21. g4 Rad8 22. h4 Kg7 23. Kd2 Bc6 24. Re1 Bd5 25. f5 Rc6 26. Rgf1 f6 27. fxg6 hxg6 28. h5 gxh5 29. gxh5 Rh8 30. Rg1+ Kf8 31. Rg6 e5 32. Rf1 Ke7 33. h6 e4 34. Bxe4 Bxe4 35. Re1 Re6 36. Rg7+ Kd6 37. h7 Rxh7 38. Rxe4 Rxg7 39. Rxd4+ Kc5 0-1


[Site "https://www.chess.com"]

[Event "Titled Tuesday Blitz March 28 Early 2023"]
[White "Orzech, Dominik"]
[Black "Manukyan, Sargis A."]
[WhiteFideId "1115065"]
[BlackFideId "13303970"]
[WhiteElo "2260"]
[BlackElo "2187"]
[Result "1-0"]
[Round "03"]
[TimeControl "180+2"]
[Date "2023.03.28"]
[WhiteClock "0:00:19"]
[BlackClock "0:00:34"]

1. d4 d5 2. c4 e6 3. Nc3 Nf6 4. Bg5 Be7 5. e3 O-O 6. Nf3 h6 7. Bh4 Ne4 8. Bxe7 Qxe7 9. Rc1 Nxc3 10. Rxc3 c6 11. Bd3 Nd7 12. O-O a6 13. Qc2 dxc4 14. Bxc4 b5 15. Bd3 Bb7 16. Rc1 Rac8 17. Bh7+ Kh8 18. Be4 Qd6 19. Bxc6 b4 20. Bxb7 bxc3 21. Bxc8 Rxc8 22. bxc3 Qa3 23. c4 Nb6 24. c5 Nd5 25. Ne5 Kg8 26. Nc4 Qb4 27. e4 Nf4 28. g3 Nd5 29. exd5 exd5 30. Nd6 Rc6 31. Nf5 g6 32. Ne7+ Kg7 33. Nxc6 Qb5 34. Ne5 h5 35. c6 Qb8 36. c7 Qc8 37. Qc6 h4 38. Qd7 Qxd7 39. Nxd7 hxg3 40. hxg3 1-0


[Site "https://www.chess.com"]